 Dungeon Crawl Stone Soup version 0.29-a0-322-g68df515428 (webtiles) character file.

Game seed: 155712442716889481

53 kae the Firebug (level 3, -3/20 HPs)
             Began as a Tengu Fire Elementalist on Apr 7, 2022.
             Was an Initiate of Sif Muna.
             Killed from afar by Sigmund (9 damage)
             ... with a magic dart
             ... on level 2 of the Dungeon.
             The game lasted 00:02:10 (1575 turns).

kae the Firebug (Tengu Fire Elementalist)           Turns: 1575, Time: 00:02:10

Health: -3/20      AC:  2    Str:  8    XL:     3   Next: 89%
Magic:  10/16      EV: 12    Int: 17    God:    Sif Muna [......]
Gold:   21         SH:  0    Dex: 14    Spells: 0/6 levels left

rFire   . . .      SeeInvis .   d - +1 whip (elec)
rCold   . . .      Faith    .   (no shield)
rNeg    . . .      Spirit   .   a - +0 robe
rPois   .          Reflect  .   (helmet restricted)
rElec   .          Harm     .   (no cloak)
rCorr   .          Rampage  .   (no gloves)
Will    .....                   (boots unavailable)
Stlth   ++........              (no amulet)
HPRegen 0.06/turn               h - ring of magical power
MPRegen 0.15/turn               (no ring)

@: no status effects
A: beak, talons 3
a: Renounce Religion


You were on level 2 of the Dungeon.
You worshipped Sif Muna.
Sif Muna was noncommittal.
You visited 1 branch of the dungeon, and saw 2 of its levels.

You collected 21 gold pieces.

Inventory:

Hand Weapons
 c - a +0 vampiric whip
 d - a +1 whip of electrocution (weapon)
Armour
 a - a +0 robe (worn)
Jewellery
 h - a ring of magical power (left hand)
Scrolls
 g - a scroll of fear
Potions
 b - a potion of magic
 e - 2 potions of brilliance {unknown}
 f - a potion of invisibility {unknown}


   Skills:
 + Level 1.0 Fighting
 + Level 1.2 Armour
 + Level 2.5 Dodging
 - Level 2.0 Stealth
 + Level 2.3 Spellcasting
 + Level 2.2 Conjurations
 * Level 3.8 Fire Magic


You couldn't memorise any spells.
You knew the following spells:

 Your Spells              Type           Power      Damage    Failure   Level
a - Foxfire               Conj/Fire      48%        2x1d6     5%          1
b - Scorch                Fire           30%        2d7       6%          2
c - Conjure Flame         Conj/Fire      12%        6-21      16%         3

Your spell library contained the following spells:

 Spells                   Type           Power      Damage    Failure   Level
 Inner Flame              Hex/Fire       8%         N/A       26%         3
 Blink                    Tloc           2%         N/A       28%         2
 Flame Wave               Conj/Fire      12%        2d6       47%         4
 Lesser Beckoning         Tloc           1%         N/A       50%         3
 Manifold Assault         Tloc           1%         N/A       99%         5


Dungeon Overview and Level Annotations

Branches:
Dungeon (2/15)

Altars:
Sif Muna

Annotations:
D:2 Sigmund


Innate Abilities, Weirdness & Mutations

You have a beak for a mouth.
You have claws for feet.


Message History

Sigmund casts a spell at you. The magic dart hits you!
Sigmund screams, "Don't try to resist!"
Sigmund points at you and mumbles some strange words.
The puff of flame hits you.
You see here a giant cockroach corpse.
Sigmund casts a spell at you. The puff of flame misses you.
There is an open door here.
There is a stone staircase leading up here.
You start resting.
Sigmund is nearby!
You climb upwards.
There is a stone staircase leading down here.
You start resting.
HP restored.
You climb downwards.
Level annotation: Sigmund
There is a stone staircase leading up here.
Casting: Foxfire (safe; 5% risk of failure)
Confirm with . or Enter, or press ? or * to list all spells.
Flames lash Sigmund.
Sigmund is moderately wounded.
Sigmund's fire resistance burns away.
Sigmund hits you from afar with a +2 scythe of pain.
You writhe in agony.
Casting: Scorch (safe; 6% risk of failure)
Confirm with . or Enter, or press ? or * to list all spells.
Flames lash Sigmund.
Sigmund is burned terribly!
Sigmund is heavily wounded.
Sigmund hits you from afar with a +2 scythe of pain!
Ouch! That really hurt!
* * * LOW HITPOINT WARNING * * *
Casting: Scorch (safe; 6% risk of failure)
Confirm with . or Enter, or press ? or * to list all spells.
Flames lash Sigmund.
Sigmund is burned terribly!
Sigmund is severely wounded.
Sigmund casts a spell at you. The magic dart hits you!
You die...

#........#......
#........#.#####
###.###....#.#
#..........#.#
#.#.########.#
#.#..........#
#@############
#.# #@# ###


You could see Sigmund (combustible).

Vanquished Creatures
  An adder (D:2)
  4 dart slugs
  3 orcs (D:2)
  3 ball pythons (D:1)
  5 endoplasms
  3 giant cockroaches
  3 goblins (D:1)
  2 hobgoblins
  3 kobolds
  A bat (D:1)
  A frilled lizard (D:1)
  3 rats
32 creatures vanquished.

Vanquished Creatures (others)
  116 foxfires
116 creatures vanquished.

Grand Total: 148 creatures vanquished

Notes
Turn   | Place    | Note
-------+----------+-------------------------------------------
     0 | D:1      | kae the Tengu Fire Elementalist began the quest for the
                  | Orb.
     0 | D:1      | Reached XP level 1. HP: 10/10 MP: 4/4
   150 | D:1      | Reached XP level 2. HP: 15/15 MP: 3/6
   844 | D:2      | Reached XP level 3. HP: 20/20 MP: 5/7
   847 | D:2      | Reached skill level 1 in Armour
   857 | D:2      | Reached skill level 1 in Fighting
   858 | D:2      | Noticed Sigmund
   932 | D:2      | Found a shimmering blue altar of Sif Muna.
  1027 | D:2      | Became a worshipper of Sif Muna the Loreminder
  1240 | D:2      | Learned a level 2 spell: Scorch
  1244 | D:2      | Learned a level 3 spell: Conjure Flame
  1575 | D:2      | Killed from afar by Sigmund

Illustrated notes

Levels and vault maps discovered:
D:1:      elethiomel_arrival_shortcut, layout_rooms
D:2:      layout_basic, basic_altar, uniq_sigmund

Skill      XL: |  1  2  3 |
---------------+----------+-----
Armour         | 1 |  1.2
Conjurations   | 2 |  2.2
Fighting       | 1 |  1.0
Dodging        | |  2.5
Stealth        | |  2.0
Spellcasting   | |  2.3
Fire Magic     | |  3.8

Action                   || total
-------------------------++-------
Melee: Unarmed           ||     1
       Whip              ||     6
       Peck              ||     2
       Kick              ||     1
 Cast: Foxfire           ||    66
       Scorch            ||     3
  Use: Scroll            ||     3
Armor: Robe              ||     5
Dodge: Dodged            ||    13

Table legend: (Time is in decaauts)
 A = Elapsed time spent in this place.
 B = Non-inter-level travel time spent in this place.
 C = Inter-level travel time spent in this place.
 D = Time resting spent in this place.
 E = Time spent auto-exploring this place.
 F = Levels seen in this place.
 G = Mean time per level.
                   A        B        C        D        E       F      G
               +--------+--------+--------+--------+--------+-----+--------+
         Total |   1576 |   1537 |     39 |    263 |    973 |   2 |  788.0 |
       Dungeon |   1576 |   1537 |     39 |    263 |    973 |   2 |  788.0 |
               +--------+--------+--------+--------+--------+-----+--------+

Top non-repeatable levels by time:
     D:1: 1051 daAuts
     D:2: 524 daAuts
